 Dungeon Crawl Stone Soup version 0.18-a0-1577-gf591c28 (webtiles) character file.

93 Ijustatesigmund the Insei (level 4, -9/31 HPs)
             Began as an Octopode Transmuter on Mar 18, 2016.
             Was a Follower of Cheibriados.
             Killed by divine providence
             ... invoked by an orc priest
              (11 damage)
             ... on level 2 of the Dungeon.
             The game lasted 00:06:23 (2269 turns).

Ijustatesigmund the Insei (Octopode Transmuter)     Turns: 2269, Time: 00:06:23

Health: -9/31      AC:  1    Str: 11    XL:     4   Next: 61%
Magic:  3/7        EV: 12    Int: 18    God:    Cheibriados [*.....]
Gold:   107        SH:  0    Dex: 14    Spells: 3 memorised, 1 level left

rFire  . . .     SeeInvis .       - Unarmed
rCold  . . .     Gourm    .     (no shield)
rNeg   . . .     Faith    .     (helmet restricted)
rPois  .         Spirit   .     (no amulet)
rElec  .         Dismiss  .     (no ring)
rCorr  .         Reflect  .     (no ring)
SustAt .         Harm     .     (no ring)
MR     .....                    (no ring)
Stlth  ++........               (no ring)
                                (no ring)
                                (no ring)
                                (no ring)

@: very slightly contaminated, very slow, not resistant to hostile enchantments,
unstealthy
A: almost no armour, amphibious, 8 rings, constrict 8, camouflage 1, gelatinous
body 1
a: Bend Time, Renounce Religion


You were on level 2 of the Dungeon.
You worshipped Cheibriados.
Cheibriados was aware of your devotion.
You were not hungry.

You visited 1 branch of the dungeon, and saw 2 of its levels.

You collected 107 gold pieces.

Inventory:

Missiles
 a - 4 arrows
 e - 8 tomahawks (quivered)
Wands
 j - a wand of disintegration (6/24)
Scrolls
 k - a scroll of fear {unknown}
 l - a scroll of immolation {unknown}
Potions
 f - a potion of cancellation
Books
 b - a book of Changes

   Spells                             Type                      Level
   a - Beastly Appendage              Transmutation                1
   b - Sticks to Snakes               Transmutation                2
   c - Spider Form                    Transmutation/Poison         3
   d - Ice Form                       Ice/Transmutation            4
   e - Blade Hands                    Transmutation                5
Comestibles
 c - 2 bread rations


   Skills:
 + Level 3.1 Fighting
 - Level 2.0 Dodging
 + Level 4.1 Unarmed Combat
 - Level 2.0 Spellcasting
 - Level 2.0 Transmutations


You had one spell level left.
You knew the following spells:

 Your Spells              Type           Power        Failure   Level  Hunger
a - Beastly Appendage     Trmt           #.....       10%         1    #......
b - Sticks to Snakes      Trmt           #.......     12%         2    ###....
c - Spider Form           Trmt/Pois      #.........   34%         3    ###....


Dungeon Overview and Level Annotations

Branches:
Dungeon (2/15)

Altars:
Cheibriados
Dithmenos
Nemelex Xobeh
Trog
Xom


Innate Abilities, Weirdness & Mutations

You cannot wear most types of armour.
You are amphibious.
You can wear up to eight rings at the same time.
You can use your tentacles to constrict eight enemies at once.
Your skin changes colour to match your surroundings (Stealth).
Your rubbery body absorbs attacks (AC +1).


Message History

Blink to where?
Press: ? - help, Dir - move target cursor
As you read the scroll of blinking, it crumbles to dust.
* * * LOW HITPOINT WARNING * * *
You feel sick.
Drink which item? (? for menu, Esc to quit)
It was a potion of cure mutation.
It has a very clean taste.
* * * LOW HITPOINT WARNING * * *
You feel sick.
You are no longer poisoned.
You start resting.
Casting: Sticks to Snakes
Confirm with . or Enter, or press ? or * to list all spells.
You don't know that spell.
Casting: Sticks to Snakes
Confirm with . or Enter, or press ? or * to list all spells.
You create a snake!
You now have 4 arrows.
The orc priest invokes the aid of Beogh against you.
Beogh smites you!
You die...

#....(...†.# #....##........
#......#....## #....####.....#
........#.##.# #....##.......#
....#'###.##.######....##.......#
.8..#. #..)..............⌠.⌠[...
<.. #. ###.####._.#####..._.....
.8 #. #.#.............⌠.⌠.... ..
#. #.#.##.##)#####...##### #.#
##.#.##@##.# #........ ##.
#.####..#.##.So.# #########
.(##.#.....#)####### #
..#.#.#####.######## #
#.#.#.##....(......# #
#.#.#.##.###.......# # #.....##.#
#.......# # #...####.# #.......#
# #......#.###.......# ###


You could see an orc priest and a friendly ball python.

Vanquished Creatures
  2 adders (D:2)
  2 oozes (D:1)
  2 worms (D:2)
  A dart slug (D:2)
  3 giant geckos (D:2)
  An orc (D:2)
  9 hobgoblins
  2 jackals (D:1)
  10 bats
  4 giant newts
  4 goblins
  4 kobolds (D:1)
  5 rats
49 creatures vanquished.

Vanquished Creatures (collateral kills)
  An adder (D:2)
  An orc (D:2)
  A hobgoblin (D:2)
  A kobold (D:2)
4 creatures vanquished.

Grand Total: 53 creatures vanquished

Notes
Turn   | Place    | Note
--------------------------------------------------------------
     0 | D:1      | Ijustatesigmund the Octopode Transmuter began the quest for the Orb.
     0 | D:1      | Reached XP level 1. HP: 13/13 MP: 3/3
   388 | D:1      | Reached XP level 2. HP: 12/18 MP: 5/5
   393 | D:1      | Learned a level 2 spell: Sticks to Snakes
  1054 | D:1      | Reached XP level 3. HP: 20/24 MP: 6/6
  1422 | D:2      | Found a snail-covered altar of Cheibriados.
  1448 | D:2      | Became a worshipper of Cheibriados the Contemplative
  1453 | D:2      | Learned a level 3 spell: Spider Form
  1470 | D:2      | Found a sparkling altar of Nemelex Xobeh.
  1481 | D:2      | Found a shadowy altar of Dithmenos.
  1525 | D:2      | Found a shimmering altar of Xom.
  1831 | D:2      | Reached XP level 4. HP: 4/30 MP: 7/7
  1841 | D:2      | Reached skill level 4 in Unarmed Combat
  2212 | D:2      | Reached * piety under Cheibriados
  2220 | D:2      | Found a bloodstained altar of Trog.
  2249 | D:2      | HP: 1/31 [poisoned by an adder]
  2255 | D:2      | HP: 1/31 [poisoned by an adder]
  2269 | D:2      | Killed from afar by an orc priest

Vault maps used:
D:1:      erik_arrival_gehennom
D:2:      nemelex_xobeh_ov_fountains_minmay, xom_butterflies,
          nicolae_dithmenos_through_a_glass_darkly,
          nicolae_overflow_crystal_walls, cheibriados_altar_1, first_bread,
          st_stairs_14

Skill      XL: |  1  2  3  4 |
---------------+-------------+-----
Fighting       | 2 3 |  3.1
Unarmed Combat | 4 |  4.1
Dodging        | |  2.0
Spellcasting   | |  2.0
Transmutations | |  2.0

Action                   |  1- 3 |  4- 6 || total
-------------------------+-------+-------++-------
Melee: Unarmed           |    87 |    19 ||   106
Throw: Tomahawk          |       |     1 ||     1
 Cast: Beastly Appendage |     3 |     1 ||     4
       Sticks to Snakes  |     1 |     7 ||     8
       Spider Form       |       |     1 ||     1
  Use: Scroll            |     2 |     3 ||     5
       Potion            |     2 |     1 ||     3
 Stab: Sleeping          |     7 |       ||     7
  Eat: Chunk             |     2 |       ||     2
       Bread ration      |       |     1 ||     1
